[Event "FIDE WCCC U12 2018"]
[Site "Santiago de Compostela"]
[Date "2018.11.15"]
[Round "11"]
[White "Xu, Arthur"]
[Black "Milikow, Elie"]
[Result "0-1"]
[ECO "B33"]
[WhiteElo "2034"]
[BlackElo "2173"]
[Annotator "NA"]
[PlyCount "106"]
[EventDate "2018.11.04"]
[EventType "swiss"]
[EventCountry "ESP"]
[SourceTitle "playchess.com"]
[Source "ChessBase"]
[SourceQuality "1"]
[TimeControl "40/5400+30:1800+30"]

1. e4 c5 2. Nf3 Nc6 3. d4 cxd4 4. Nxd4 Nf6 5. Nc3 e5 6. Ndb5 d6 7. Bg5 a6 8. Na3 b5 9. Bxf6 gxf6 10. Nd5 f5 11. c3 Bg7 $1 12. exf5 Bxf5 13. Nc2 O-O 14. Nce3 Be6 15. g3 f5 16. Bg2 Rc8 17. Qh5 {[%emt 0:11:58] B33: Sicilian: Pelikan and Sveshnikov Variations} Ne7 {[%emt 0:14:48] LiveBook: 6 Games} (17... b4 18. O-O bxc3 19. bxc3 Ne7 20. Rad1 e4 21. c4 Nxd5 22. cxd5 Bd7 23. Rc1 Bc3 24. Rc2 Qf6 {1-0 (36) Kulkarni,C (2336)-Mozharov,M (2542) Pardubice 2018}) 18. Rd1 e4 19. g4 $146 ({Predecessor:} 19. Rd2 Nxd5 20. Nxd5 Qe8 {0-1 (20) Schauer,J (2242)-Lyukmanov,V (2380) ICCF email 2002}) 19... Nxd5 20. Nxd5 Rc5 21. Nf4 Bf7 22. Qh3 fxg4 23. Qxg4 Rg5 24. Qh4 Bxa2 25. Bf1 Qf6 (25... Bb3 $142 26. Rc1 h6) 26. Nh3 Rd5 27. Qxf6 Rxd1+ ({Resist} 27... Rxf6 28. Ra1 $17) 28. Kxd1 Rxf6 29. Bg2 (29. Rg1 $142) 29... Bb3+ 30. Ke2 Bc4+ 31. Ke3 d5 32. f4 Bf8 33. Kd4 Rc6 34. Bf1 Bg7+ 35. Ke3 Bxf1 36. Rxf1 {[%emt 0:00:13] [#]} Bxc3 $1 37. Rg1+ Kf8 38. bxc3 Rxc3+ 39. Kd4 Rxh3 40. Kxd5 e3 41. Re1 Kf7 42. Kc5 Kf6 43. Kb6 Kf5 44. Kxa6 Kxf4 45. Kxb5 Kf3 46. Kc4 e2 47. Kd3 Kf2+ 48. Kd2 Rd3+ 49. Kxd3 Kxe1 50. h4 Kf2 51. h5 e1=Q 52. Kc4 Qd2 53. h6 Ke3 {[%emt 0:00:04] Kd4+} 0-1

[Event "FIDE WCCC U12 2018"]
[Site "Santiago de Compostela"]
[Date "2018.11.15"]
[Round "11"]
[White "Stalmach, Richard"]
[Black "Wang, Jason"]
[Result "0-1"]
[ECO "D20"]
[WhiteElo "2028"]
[BlackElo "2229"]
[Annotator "NA"]
[PlyCount "46"]
[EventDate "2018.11.04"]
[EventType "swiss"]
[EventCountry "ESP"]
[SourceTitle "playchess.com"]
[Source "ChessBase"]
[SourceQuality "1"]
[TimeControl "40/5400+30:1800+30"]

1. d4 d5 2. c4 dxc4 3. e4 Nf6 4. e5 Nd5 5. Bxc4 Nb6 6. Bd3 Nc6 7. Ne2 Bg4 8. f3 Be6 9. Nbc3 Qd7 10. Ne4 Bd5 11. Nc5 Qc8 $1 12. a3 e6 13. Qc2 Bxc5 14. Qxc5 {[%emt 0:00:12] LiveBook: 31 Games} Qd7 15. O-O a6 16. Be3 $2 {[%emt 0:08:56] [#]} (16. Qc3 $14 {behält die Oberhand.}) 16... Nc4 $1 17. Bxc4 b6 18. Bxd5 bxc5 19. Be4 $19 Rb8 20. Rac1 Rxb2 21. Rxc5 Ne7 22. Rfc1 Rxe2 23. Rxc7 Rxe3 0-1

[Event "FIDE WCCC U12 2018"]
[Site "Santiago de Compostela"]
[Date "2018.11.15"]
[Round "11"]
[White "Laux, Dominik"]
[Black "Grebnev, Aleksey"]
[Result "1-0"]
[ECO "A45"]
[WhiteElo "1973"]
[BlackElo "2151"]
[Annotator "NA"]
[PlyCount "79"]
[EventDate "2018.11.04"]
[EventType "swiss"]
[EventCountry "ESP"]
[SourceTitle "playchess.com"]
[Source "ChessBase"]
[SourceQuality "1"]
[TimeControl "40/5400+30:1800+30"]

1. d4 Nf6 2. Bg5 g6 3. Bxf6 exf6 4. g3 Bg7 5. Bg2 O-O 6. e3 f5 7. Ne2 d6 8. O-O Nd7 9. c4 Nf6 10. Nbc3 Rb8 {[%emt 0:01:17] A45: Trompowsky Attack} (10... Qe7 11. Nd5 Qd8 12. Nxf6+ Bxf6 13. Qd2 c6 14. b4 Bd7 15. Rab1 Rb8 16. a4 Re8 17. Rfd1 b6 18. b5 {½-½ (38) Vitiugov,N (2691)-Svidler,P (2747) St Petersburg 2012}) 11. Qa4 $146 ({Predecessor:} 11. b4 h5 12. Qa4 a6 13. b5 Bd7 14. Qb4 axb5 15. cxb5 h4 16. Rac1 hxg3 17. hxg3 Re8 18. a4 {1-0 (34) Tu,H (2499)-Alzate,D (2427) Mallorca 2004}) 11... a6 12. b4 Be6 13. b5 axb5 14. cxb5 Re8 15. Rfc1 g5 16. Qc2 Qe7 17. a4 Bd7 {[%emt 0:02:30] [#]} 18. a5 $1 c6 19. a6 d5 20. bxc6 bxc6 {[%emt 0:01:23] [#]} 21. Na4 $1 Ra8 22. Nb6 Ra7 23. Nxd7 Qxd7 24. Qxc6 Rea8 25. Qxd7 Rxd7 26. Rc6 Ne4 27. Bxe4 dxe4 28. Nc3 f4 29. Nb5 fxe3 30. fxe3 f5 31. Rb6 f4 32. gxf4 gxf4 33. Kf2 fxe3+ 34. Kxe3 Raa7 35. Ra4 Ra8 36. a7 Rdd8 37. d5 Rxd5 38. Rb8+ Kf7 39. Rxa8 Rxb5 40. Rd8 1-0

[Event "FIDE WCCC U12 2018"]
[Site "Santiago de Compostela"]
[Date "2018.11.15"]
[Round "11"]
[White "Sahakyan, Aleks"]
[Black "Flores Quillas, Diego Saul Rodri"]
[Result "0-1"]
[ECO "D45"]
[WhiteElo "1951"]
[BlackElo "2205"]
[Annotator "ChessBase"]
[PlyCount "93"]
[EventDate "2018.11.04"]
[EventType "swiss"]
[EventCountry "ESP"]
[SourceTitle "playchess.com"]
[Source "ChessBase"]
[SourceQuality "1"]
[TimeControl "40/5400+30:1800+30"]

1. d4 d5 2. c4 c6 3. Nc3 Nf6 4. e3 e6 5. Nf3 Nbd7 6. Qc2 Bd6 7. g4 h6 8. Rg1 e5 9. h4 exd4 10. Nxd4 Ne5 11. g5 hxg5 12. hxg5 Nfg4 13. f4 Nxc4 14. Bxc4 dxc4 15. Qe2 Rh2 16. Qxc4 Qe7 17. e4 Bd7 18. Bd2 Rxd2 19. Kxd2 Bxf4+ 20. Ke2 Ne5 21. Qa4 b5 22. Qc2 Qc5 23. Rad1 O-O-O 24. Nb1 Qxc2+ 25. Nxc2 Bg4+ 26. Rxg4 Rxd1 27. Kxd1 Nxg4 28. Nd4 Kd7 29. Nf3 Ne5 30. Nxe5+ Bxe5 31. b3 Bf4 32. g6 fxg6 33. Nc3 g5 34. Ke2 g4 35. Nd1 Ke6 36. Nf2 Ke5 37. Nxg4+ Kxe4 38. Nf2+ Kd4 39. Nd3 g5 40. Nb4 Kc5 41. Nd3+ Kd5 42. Nb4+ Kd6 43. Kf3 c5 44. Nd3 Kd5 45. Nxf4+ gxf4 46. Kxf4 Kd4 47. Kf3 0-1

[Event "FIDE WCCC U12 2018"]
[Site "Santiago de Compostela"]
[Date "2018.11.15"]
[Round "11"]
[White "Chen, Max"]
[Black "Tian, Eddy"]
[Result "0-1"]
[ECO "B06"]
[WhiteElo "1910"]
[BlackElo "2151"]
[Annotator "NA"]
[PlyCount "120"]
[EventDate "2018.11.04"]
[EventType "swiss"]
[EventCountry "ESP"]
[SourceTitle "playchess.com"]
[Source "ChessBase"]
[SourceQuality "1"]
[TimeControl "40/5400+30:1800+30"]

1. e4 g6 2. d4 Bg7 3. Nc3 d6 4. f4 a6 5. Nf3 b5 6. a3 {[%emt 0:01:53] B06: Modern Defence} (6. Bd3 Nd7 7. a4 b4 8. Ne2 c5 9. c3 Bb7 10. O-O Ngf6 11. e5 Nd5 12. Bd2 bxc3 13. bxc3 cxd4 14. cxd4 O-O {0-1 (49) Anand,V (2759)-Nakamura,H (2769) Leuven 2018}) 6... Nd7 7. Be2 Bb7 8. O-O c5 {[%emt 0:01:42] LiveBook: 7 Games} 9. h3 $146 ({Predecessor:} 9. d5 Qc7 10. Qe1 Ngf6 11. e5 Nxd5 12. e6 fxe6 13. Ng5 Nf8 {0-1 (41) Danielyan,V (2231)-Zubov,A (2614) Poti 2016}) 9... cxd4 10. Nxd4 Ngf6 11. Bf3 Qc7 12. Re1 e5 13. Nb3 exf4 14. Bxf4 Ne5 15. Nd5 Nxd5 16. exd5 O-O 17. c3 Nxf3+ 18. Qxf3 a5 19. Rad1 a4 20. Nc1 Rfe8 21. Nd3 f5 22. Nb4 Be5 23. Kh1 Qc4 24. Bh2 Rad8 25. Re3 Re7 26. Rde1 Rde8 27. Qd1 Kf7 28. Qd2 Qh4 29. Bxe5 Rxe5 30. Rxe5 dxe5 31. Rd1 Qe4 32. d6 Rd8 33. d7 Bc6 34. Re1 Rxd7 35. Qxd7+ (35. Qf2 $11 Qc4 36. Nxc6 Qxc6 37. Rxe5) 35... Bxd7 36. Rxe4 fxe4 37. Kg1 Ke6 38. Kf2 Bc8 39. Nc6 Kd6 40. Nd8 (40. Nb4 $142 Kc5 41. Na2) 40... Be6 41. Nb7+ Kc6 42. Nd8+ Kd7 43. Nb7 Bd5 44. Nc5+ Kd6 45. Na6 Bb7 46. Nb4 Kc5 47. Na2 {[%emt 0:00:13] [#]} e3+ $1 48. Kxe3 Bxg2 49. h4 Bd5 $19 50. Nc1 Bc4 51. Kf3 Kd5 52. Kg4 e4 53. Kf4 h6 54. Kg4 Ke5 55. h5 g5 56. Kg3 Kf5 57. Kf2 Kf4 58. Ke1 e3 59. Kd1 Kf3 60. Ke1 g4 0-1

[Event "FIDE WCCC U12 2018"]
[Site "Santiago de Compostela"]
[Date "2018.11.15"]
[Round "11"]
[White "Nathan, Krishna"]
[Black "Mekhane, Adam"]
[Result "1/2-1/2"]
[ECO "C44"]
[WhiteElo "1895"]
[BlackElo "2065"]
[Annotator "NA"]
[PlyCount "90"]
[EventDate "2018.11.04"]
[EventType "swiss"]
[EventCountry "ESP"]
[SourceTitle "playchess.com"]
[Source "ChessBase"]
[SourceQuality "1"]
[TimeControl "40/5400+30:1800+30"]

1. e4 e5 2. Nf3 Nc6 3. d4 exd4 4. Nxd4 Bb4+ 5. c3 Bc5 6. Be3 Bb6 7. Nf5 Bxe3 {[%emt 0:00:05] LiveBook: 122 Games C45: Scotch Game} (7... g6 8. Bxb6 axb6 9. Ne3 Nf6 10. f3 O-O 11. c4 Nh5 12. Qd2 f5 13. Nc3 f4 14. Ned5 Qh4+ 15. Qf2 {1-0 (30) Yu,Y (2729)-Bu,X (2705) Doha 2016}) 8. Nxe3 Nge7 9. g3 O-O 10. Bg2 d6 11. c4 f5 12. f4 $146 ({Predecessor:} 12. exf5 Nxf5 13. Nxf5 Bxf5 14. O-O Qd7 15. Nc3 {1-0 (41) Duda,J (2456)-Mons,L (2332) Maribor 2012}) 12... Qe8 13. O-O fxe4 14. Bxe4 (14. Nc3 $16) 14... Nd5 $2 15. Bxd5+ Kh8 16. Nf5 $2 (16. Re1 $18) 16... Bxf5 17. Qd2 Qh5 18. Nc3 Rae8 19. Bf3 Bg4 20. Bxg4 Qxg4 21. Rae1 Qh5 22. Nd5 Qf7 23. Qc3 Nb8 24. f5 Rxe1 25. Qxe1 Re8 26. Qc3 c6 27. Ne3 Nd7 28. Ng2 d5 29. cxd5 Qxd5 30. a3 Nf6 31. Qc2 Ne4 32. Nh4 Nd2 33. Rc1 Re2 34. Qc3 Ne4 35. Qb4 {[%emt 0:02:50] [#]} c5 $19 36. Qa4 Ng5 37. Kf1 Qd2 38. Qf4 Qd3 39. Qxg5 Rc2+ 40. Kg1 Qd4+ 41. Kh1 Qe4+ 42. Kg1 Qd4+ 43. Kh1 Qe4+ 44. Kg1 Qd4+ 45. Kh1 h6 1/2-1/2

[Event "FIDE WCCC U12 2018"]
[Site "Santiago de Compostela"]
[Date "2018.11.15"]
[Round "11"]
[White "Amilal Munkhdalai"]
[Black "Droin, Augustin"]
[Result "1-0"]
[ECO "B92"]
[WhiteElo "1864"]
[BlackElo "2155"]
[Annotator "NA"]
[PlyCount "131"]
[EventDate "2018.11.04"]
[EventType "swiss"]
[EventCountry "ESP"]
[SourceTitle "playchess.com"]
[Source "ChessBase"]
[SourceQuality "1"]
[TimeControl "40/5400+30:1800+30"]

1. e4 c5 2. Nf3 d6 3. d4 cxd4 4. Nxd4 Nf6 5. Nc3 a6 6. Be2 e5 7. Nf3 Be7 8. Bg5 Be6 9. Bxf6 Bxf6 10. O-O O-O 11. Nd5 {[%emt 0:01:22] B92: Sicilian Najdorf: 6 Be2} Nd7 {[%emt 0:03:02] LiveBook: 13 Games} 12. c3 Rc8 13. Qd2 {[%emt 0:10:09] [#]} Rc5 $146 ({Predecessor:} 13... Bxd5 14. Qxd5 Qc7 15. Rfd1 Be7 16. Nd2 b5 17. Nf1 Nf6 18. Qd3 Qb7 {½-½ (78) Womacka,M (2434)-Huschenbeth,N (2596) Tegernsee 2017}) 14. c4 Bxd5 15. cxd5 Qc7 16. Rfc1 Rc8 17. Rxc5 Qxc5 18. Ne1 Bd8 19. Bg4 Ba5 20. Qe2 Rc7 21. Nd3 Qd4 22. Bxd7 Rxd7 23. Rc1 g6 24. h3 Kg7 25. Rc8 Rc7 26. Rxc7 Bxc7 27. Ne1 Bb6 28. Qc2 f5 29. exf5 Qxd5 30. fxg6 hxg6 31. b3 Qc6 32. Qxc6 bxc6 33. Kf1 Kf6 34. Ke2 d5 35. f3 a5 36. Nd3 Bd4 37. h4 g5 38. hxg5+ Kxg5 39. g3 Kf5 40. Ne1 Bc5 41. Ng2 Ke6 42. Ne3 Bd6 43. Kd3 Bb4 44. Ng2 Kf6 45. Ke3 Bc5+ 46. Ke2 Ke6 47. Ne3 Ba3 48. Kd3 Kd6 49. Nf5+ Kc5 50. Nh6 Kd6 51. Nf5+ Ke6 52. Ne3 Bb4 53. Ng2 a4 54. bxa4 c5 55. Ne3 Be1 56. g4 Ba5 57. g5 c4+ 58. Ke2 c3 59. Kd3 Bb6 60. g6 e4+ 61. fxe4 dxe4+ 62. Kxe4 Ba7 $18 63. a5 Kf6 64. Nd5+ Kxg6 65. Nxc3 Kf6 66. Nb5 1-0

[Event "FIDE WCCC U12 2018"]
[Site "Santiago de Compostela"]
[Date "2018.11.15"]
[Round "11"]
[White "Rostomyan, Mikayel"]
[Black "Pavesi, Brando"]
[Result "0-1"]
[ECO "D35"]
[WhiteElo "1565"]
[BlackElo "2073"]
[Annotator "NA"]
[PlyCount "58"]
[EventDate "2018.11.04"]
[EventType "swiss"]
[EventCountry "ESP"]
[SourceTitle "playchess.com"]
[Source "ChessBase"]
[SourceQuality "1"]
[TimeControl "40/5400+30:1800+30"]

1. d4 {[%emt 0:00:00] Krasenkow,M} d5 2. c4 e6 3. Nc3 Nf6 4. cxd5 exd5 5. Bg5 Nbd7 6. e3 Be7 7. Bd3 c6 8. Qc2 O-O 9. Nge2 Re8 10. O-O Nf8 11. Rae1 g6 12. Bh4 Ne6 13. f3 {[%emt 0:00:56] LiveBook: 13 Games} b6 {[%emt 0:14:48] [#] D36: Queen's Gambit Declined: Exchange Variation: Main line (5 Bg5 c6 6 Qc2)} 14. Na4 $146 ({Predecessor:} 14. Kh1 Bb7 15. Qb3 Rc8 16. e4 c5 17. Bb5 Rf8 18. e5 Nh5 19. Bxe7 Qxe7 20. Nxd5 Bxd5 21. Qxd5 {0-1 (46) Jones,G (2665)-Bruzon Batista,L (2664) Tromsoe 2014 CBM 162 [Krasenkow,M]}) 14... Bb7 15. f4 Ng4 16. Bf2 f5 17. Bxf5 gxf5 18. Qxf5 Nxf2 19. Qxe6+ Kh8 20. Rxf2 Bb4 21. Qf7 Bxe1 22. Rf1 Qe7 23. Qxe7 Rxe7 24. Rxe1 Rxe3 25. Nac3 Rae8 26. Kf2 Ba6 27. b4 Bc4 28. g3 {[%emt 0:00:28] [#]} c5 $19 29. bxc5 bxc5 0-1